 Dungeon Crawl Stone Soup version 0.21.1-76-ge1a4835 (webtiles) character file.

761 Stepladder the Ducker (level 7, 0/54 HPs)
             Began as a Merfolk Gladiator on Aug 20, 2018.
             Was an Initiate of Makhleb.
             Succumbed to a worker ant's poison
             ... on level 6 of the Dungeon.
             The game lasted 00:27:33 (5461 turns).

Stepladder the Ducker (Merfolk Gladiator)           Turns: 5461, Time: 00:27:34

Health: 0/54       AC: 11    Str: 16    XL:     7   Next: 80%
Magic:  7/7        EV: 11    Int:  8    God:    Makhleb [......]
Gold:   34         SH:  9    Dex: 15    Spells: 6/6 levels left

rFire    + + +     SeeInvis .   A - +1 scimitar "Botetuo" {elec, rF+} (curse)
rCold    . . .     Gourm    .   l - +0 shield
rNeg     . . .     Faith    .   c - +4 ring mail {rF+}
rPois    .         Spirit   .   j - +0 helmet
rElec    .         Reflect  .   (no cloak)
rCorr    .         Harm     .   (no gloves)
MR       .....                  m - +0 pair of boots
Stlth    ++........             (no amulet)
HPRegen  0.18/turn              v - ring of protection from fire
MPRegen  0.10/turn              (no ring)

@: lethally poisoned (0 -> -9)
A: change form in water, swift swim, stealthy swim
a: Renounce Religion


You were on level 6 of the Dungeon.
You worshipped Makhleb.
Makhleb was noncommittal.
You were not hungry.

You visited 2 branches of the dungeon, and saw 7 of its levels.

You collected 268 gold pieces.
You spent 234 gold pieces at shops.

Inventory:

Hand Weapons
 a - a +0 long sword
 k - a +1 rapier of protection
 q - a +0 rapier
 A - the cursed +1 scimitar "Botetuo" (weapon) {elec, rF+}
   (You bought it in a shop on level 5 of the Dungeon)

   Occasionally, upon striking a foe, it will discharge some electrical energy
   and cause terrible harm.
   It protects you from fire.
   It has a curse placed upon it.
Missiles
 d - a throwing net
 r - 39 poisoned needles (quivered)
 u - 4 tomahawks
Armour
 c - a +4 ring mail of fire resistance (worn)
 j - a +0 helmet (worn)
 l - a +0 shield (worn)
 m - a +0 pair of boots (worn)
Jewellery
 v - a ring of protection from fire (left hand)
Scrolls
 b - a scroll of blinking {unknown}
 h - 2 scrolls of fear
 o - a scroll of teleportation {unknown}
 p - a scroll of amnesia
 t - a scroll of fog
 x - a scroll of random uselessness {unknown}
 z - a scroll of remove curse
Potions
 e - a potion of haste {unknown}
 g - 3 potions of mutation
 n - 4 potions of heal wounds {unknown}
Comestibles
 f - 12 rations
 i - 4 chunks of flesh


   Skills:
 - Level 4.0 Fighting
 + Level 4.4 Long Blades
 - Level 2.0 Throwing
 + Level 2.7 Armour
 + Level 5.4 Dodging
 + Level 4.3 Stealth
 + Level 3.5 Shields


You had 6 spell levels left.
You didn't know any spells.

Dungeon Overview and Level Annotations

Branches:
Dungeon (6/15)             Temple (1/1) D:5

Altars:
Ashenzari
Cheibriados
Dithmenos
Elyvilon
Fedhas
Hepliaklqana
Kikubaaqudgha
Makhleb
Ru
Sif Muna
Trog
Uskayaw
Wu Jian
Xom
Yredelemnul
Zin

Shops:
D:5 (

Annotations:
D:3 Lidrolic's ghost, amateur HuFi
D:4 Eustachio


Message History

You block the orc's attack. You block the worker ant's attack.
You block the orc's attack. The worker ant bites you.
You are poisoned.
The worker ant poisons you!
Things that are here:
a dagger; a robe; an orc corpse You feel sick.
The orc barely misses you.
You riposte.
You hit the orc.
The orc is almost dead.
You feel sick.
The orc priest miscasts a cantrip.
You feel sick. The worker ant bites you.
* * * LOW HITPOINT WARNING * * *
You are more poisoned.
The worker ant poisons you!
You feel sick.
You feel sick.
The orc priest calls down the wrath of Beogh upon you.
Beogh smites you!
* * * LOW HITPOINT WARNING * * *
You die...

#.#### #....##
##.....## #.# ###
#.......# #.# #..
#.....(.# #.# #.#
#.......# #.# #.#
#[....# #.# #.#
#...@######.# ###.##
#.....a.oo..####.....
###.######.)o......##
#.######..####.###
#..............#
################


You could see a worker ant, an orc priest and an orc.

Vanquished Creatures
  An ogre (D:5)
  A centaur (D:5)
  A scorpion (D:4)
  4 orc priests
  A gnoll shaman (D:6)
  Terence (D:2)
  An iguana (D:5)
  Natasha (D:2)
  2 orc wizards
  4 worker ants
  A hound zombie (D:5)
  7 adders
  2 gnolls
  A shadow imp (D:5)
  An adder skeleton (D:5)
  2 worms
  2 dart slugs
  5 leopard geckos
  6 orcs
  5 giant cockroaches
  6 goblins
  4 hobgoblins
  9 kobolds
  8 bats
  4 frilled lizards
  3 rats (D:1)
83 creatures vanquished.

Notes
Turn   | Place    | Note
-------+----------+-------------------------------------------
     0 | D:1      | Stepladder the Merfolk Gladiator began the quest for the Orb.
     0 | D:1      | Reached XP level 1. HP: 16/16 MP: 1/1
    88 | D:1      | Reached XP level 2. HP: 20/23 MP: 2/2
   200 | D:1      | Reached skill level 1 in Stealth
  1085 | D:2      | Reached XP level 3. HP: 14/28 MP: 3/3
  1593 | D:2      | Reached skill level 1 in Armour
  1593 | D:2      | Reached skill level 1 in Shields
  1700 | D:2      | Reached XP level 4. HP: 33/34 MP: 4/4
  2131 | D:3      | Noticed Terence
  2150 | D:3      | Noticed Lidrolic's ghost (amateur HuFi)
  2208 | D:2      | Killed Terence
  2533 | D:3      | Reached XP level 5. HP: 41/41 MP: 5/5
  2909 | D:3      | Noticed Natasha
  2921 | D:2      | Killed Natasha
  2921 | D:2      | Reached XP level 6. HP: 25/48 MP: 6/6
  3536 | D:4      | Got a steaming war axe
  3551 | D:4      | Noticed Eustachio
  3757 | D:5      | Entered Level 5 of the Dungeon
  3789 | D:5      | Found Suxaek's Antique Weapon Boutique.
  3800 | D:5      | Bought a warped scimitar for 234 gold pieces
  3801 | D:5      | Identified the cursed +1 scimitar "Botetuo" {elec, rF+} (You bought it in a shop on level 5 of the Dungeon)
  4217 | D:5      | Reached XP level 7. HP: 34/54 MP: 7/7
  4382 | D:5      | Reached skill level 5 in Dodging
  4462 | D:5      | Found a staircase to the Ecumenical Temple.
  4468 | Temple   | Entered the Ecumenical Temple
  4770 | Temple   | Became a worshipper of Makhleb the Destroyer
  5460 | D:6      | HP: 1/54 [orc priest/divine providence (10)]
  5461 | D:6      | Succumbed to a worker ant's poison

Skill      XL: |  1  2  3  4  5  6  7 |
---------------+----------------------+-----
Stealth        | 1 2 3 4 |  4.3
Armour         | 1 2 |  2.7
Shields        | 1 2 3 |  3.5
Fighting       | 3 4 |  4.0
Long Blades    | 4 |  4.4
Dodging        | 5 |  5.4
Throwing       | |  2.0

Action                   |  1- 3 |  4- 6 |  7- 9 || total
-------------------------+-------+-------+-------++-------
Melee: Long sword        |   112 |   128 |       ||   240
       Scimitar          |       |    26 |    43 ||    69
Throw: Throwing net      |     1 |     1 |       ||     2
  Use: Scroll            |     2 |     6 |       ||     8
       Potion            |       |     1 |     1 ||     2
 Stab: Held in net/web   |     1 |       |       ||     1
       Sleeping          |       |     3 |     1 ||     4
  Eat: Chunk             |     3 |     8 |     1 ||    12
       Ration            |       |       |     1 ||     1
Armor: Ring mail         |    41 |    57 |    31 ||   129
Dodge: Dodged            |    74 |    68 |    33 ||   175
Block: Shield            |    40 |    80 |    18 ||   138
       Rpst.: Long sword |    18 |    26 |       ||    44
       Scimitar          |       |     3 |     9 ||    12
